 Dungeon Crawl Stone Soup version 0.31-a0-845-g9abc20d24f (webtiles) character file.

Game seed: 1082477673317706292

182 Nedwor the Ducker (level 5, -1/41 HPs)
             Began as a Merfolk Gladiator on Oct 3, 2023.
             Slain by Robin
             ... wielding a +0 falchion of electrocution
              (4 damage)
             ... on level 1 of the Dungeon.
             The game lasted 00:04:03 (1649 turns).

Nedwor the Ducker (Merfolk Gladiator)               Turns: 1649, Time: 00:04:04

Health: -1/41      AC:  6    Str: 15    XL:     5   Next: 61%
Magic:  5/5        EV: 14    Int:  7    God:
Gold:   52         SH:  0    Dex: 17    Spells: 4/4 levels left

rFire   . . .        a - +1 rapier
rCold   . . .        (no shield)
rNeg    . . .        f - +2 robe
rPois   .            c - +0 helmet
rElec   .            (no cloak)
rCorr   +            k - +0 pair of gloves
SInv    .            (no boots)
Will    .....        (no amulet)
Stlth   ++           h - ring of resist corrosion
HPRegen 0.26/turn    (no ring)
MPRegen 0.09/turn

%: no passive effects
@: no status effects
A: (nimble swimmer 2), mertail
a: no special abilities


You were on level 1 of the Dungeon.
You visited 1 branch of the dungeon, and saw 2 of its levels.

You collected 52 gold pieces.

Inventory:

Hand Weapons
 a - a +1 rapier (weapon)
Missiles
 d - 3 throwing nets (quivered)
 e - a javelin
Armour
 b - a +0 leather armour
 c - a +0 helmet (worn)
 f - a +2 robe (worn)
 k - a +0 pair of gloves (worn)
Jewellery
 h - a ring of resist corrosion (left hand)
Scrolls
 g - a scroll of fog
Potions
 j - a potion of curing {unknown}


   Skills:
 + Level 3.5 Fighting
 + Level 4.9 Short Blades
 - Level 2.0 Throwing
 + Level 5.3 Dodging
 + Level 2.8 Stealth


You had 4 spell levels left.
You didn't know any spells.
Your spell library contained the following spells:

 Spells                   Type           Power      Damage    Failure   Level
 Shock                    Conj/Air       0%         1d3       43%         1
 Swiftness                Air            0%         N/A       80%         3
 Airstrike                Air            0%         2d(0-16)  99%         4


Dungeon Overview and Level Annotations

Branches:
Dungeon (2/15)

Altars:

Annotations:
D:1 Robin


Innate Abilities, Weirdness & Mutations

((You are very nimble when in or above water. (Stealth+, EV+, Speed+++)))
Your lower body shifts to a powerful aquatic tail in water.


Message History

You start resting.
You feel less confused.
You start resting.
HP restored.
You start waiting.
Done waiting.
Things that are here:
a +0 scythe; a +2 robe; a +0 club
f - a +2 robe You start removing your armour.
You continue taking off your +0 leather armour. x4
You finish taking off your +0 leather armour.
You start putting on your armour.
You continue putting on your +2 robe. x5
You finish putting on your +2 robe.
There is a stone staircase leading down here.
You climb downwards.
Level annotation: Robin Robin roars a battlecry!
The goblins go into a battle-frenzy!
There is a stone staircase leading up, spattered with blood here.
Robin hits you with a +0 falchion of electrocution.
You climb upwards.
There is a stone staircase leading down here.
You completely miss Robin. You punch Robin, but do no damage.
Robin hits you with a +0 falchion of electrocution.
You are electrocuted!!
You puncture Robin!
Robin is heavily wounded.
Robin hits you with a +0 falchion of electrocution.
You are electrocuted!
* * * LOW HITPOINT WARNING * * *
You closely miss Robin.
Robin is heavily wounded.
Robin hits you with a +0 falchion of electrocution.
* * * LOW HITPOINT WARNING * * *
You hit Robin.
Robin is severely wounded.
Robin hits you with a +0 falchion of electrocution.
You die...
Robin calls out, "Let's celebrate!
Time for a feast!"

##.....####..#.#.......#
#...#### ##...........#
...## ###.#.####### ..##
#...#### ..# ##.....#
..## ##..#.# ...#
####.#.##### .#.#
##.g).......## .#.#
##..)@).......##
.#.#######
#....))........#
.........#
#......>.......#
.####.##.#
#..............# .##
#....# #..............#
>## ######
#..............# .#
##............## .#
##..........## ##
############


You could see Robin.

Vanquished Creatures
  Sigmund (D:1)
  2 endoplasms (D:1)
  4 giant cockroaches (D:1)
  9 goblins (D:1)
  5 hobgoblins (D:1)
  2 kobolds (D:1)
  A quokka (D:1)
  2 ball pythons
  A bat (D:1)
  A frilled lizard (D:1)
  A rat (D:2)
29 creatures vanquished.

Notes
Turn   | Place    | Note
-------+----------+-------------------------------------------
     0 | D:1      | Nedwor the Merfolk Gladiator began the quest for the Orb.
     0 | D:1      | Reached XP level 1. HP: 16/16 MP: 1/1
   140 | D:1      | Reached XP level 2. HP: 23/23 MP: 2/2
   232 | D:1      | Reached skill level 1 in Stealth
   533 | D:2      | Noticed Robin
   577 | D:1      | Reached XP level 3. HP: 28/28 MP: 3/3
   629 | D:2      | Noticed Sigmund
  1443 | D:1      | Killed Sigmund
  1444 | D:1      | Reached skill level 5 in Dodging
  1444 | D:1      | Reached XP level 4. HP: 16/35 MP: 4/4
  1444 | D:1      | Reached XP level 5. HP: 19/41 MP: 5/5
  1649 | D:1      | Slain by Robin

Illustrated notes

Levels and vault maps discovered:
D:1:      erik_arrival_blinker_ship, layout_rooms
D:2:      layout_basic, dreamdust_ecumenical_altar_drowned_temple, basic_altar,
          chequers_serial_rivers_small_a, uniq_jessica, uniq_terence,
          uniq_sigmund, uniq_robin

Skill      XL: |  1  2  3 |
---------------+----------+-----
Stealth        | 1 2 |  2.8
Short Blades   | 4 |  4.9
Fighting       | 3 |  3.5
Dodging        | 5 |  5.3
Throwing       | |  2.0

Action                     |  1- 3 |  4- 6 || total
---------------------------+-------+-------++-------
  Melee: Rapier            |    92 |     4 ||    96
         Punch             |     1 |     1 ||     2
    Use: Scroll            |     4 |       ||     4
   Stab: Sleeping          |     2 |       ||     2
 Armour: Leather armour    |    48 |       ||    48
         Robe              |       |     5 ||     5
  Dodge: Dodged            |    54 |       ||    54

Table legend: (Time is in decaauts)
 A = Elapsed time spent in this place.
 B = Non-inter-level travel time spent in this place.
 C = Inter-level travel time spent in this place.
 D = Time resting spent in this place.
 E = Time spent auto-exploring this place.
 F = Levels seen in this place.
 G = Mean time per level.
                   A        B        C        D        E       F      G
               +--------+--------+--------+--------+--------+-----+--------+
         Total |   1658 |   1584 |     74 |    955 |    370 |   2 |  829.0 |
       Dungeon |   1658 |   1584 |     74 |    955 |    370 |   2 |  829.0 |
               +--------+--------+--------+--------+--------+-----+--------+

Top non-repeatable levels by time:
     D:1: 1593 daAuts
     D:2: 65 daAuts
